 Dungeon Sprint DCSS version 0.20-a0-1062-g7b787ac (webtiles) character file.

1 potatolord5000 the Skirmisher (level 1, -36/21 HPs)
             Began as a Naga Fighter on Apr 27, 2017.
             Killed from afar by a deep elf mage (37 damage)
             ... with a bolt of magma
             ... in the Dungeon (Sprint V: "Ziggurat Sprint").
             The game lasted 00:00:15 (25 turns).

potatolord5000 the Skirmisher (Naga Fighter)          Turns: 25, Time: 00:00:16

Health: -36/21     AC:  4    Str: 18    XL:     1   Next: 20%
Magic:  1/1        EV:  5    Int:  8    God:
Gold:   0          SH:  8    Dex: 10    Spells: 0/0 levels left

rFire    . . .     SeeInvis +     - Unarmed
rCold    . . .     Gourm    .   b - +0 shield
rNeg     . . .     Faith    .   a - +0 scale mail
rPois    +         Spirit   .   (no helmet)
rElec    .         Reflect  .   (no cloak)
rCorr    .         Harm     .   (no gloves)
MR       .....     NoTele   +   (no barding)
Stlth    ..........             (no amulet)
Regen    0.1/turn               (no ring)
MPRegen  0.1/turn               (no ring)

@: very slow
A: see invisible, deformed body, poison resistance, slowness 2, slow metabolism
1, spit poison 1, AC +0
a: Spit Poison


You were in the Dungeon.
You were not hungry.

You visited 1 branch

Inventory:

Armour
 a - a +0 scale mail (worn)
 b - a +0 shield (worn)
Scrolls
 j - a scroll of blinking
Potions
 c - a potion of might
 e - a potion of curing
 f - a potion of heal wounds
 g - a potion of haste
 h - 2 potions of magic
 i - a potion of berserk rage
Comestibles
 d - a bread ration


   Skills:
 + Level 3.1 Fighting
 + Level 2.6 Armour
 + Level 0.1 Dodging
 + Level 2.6 Shields
 + Level 2.0 Unarmed Combat


You couldn't memorise any spells.
You didn't know any spells.

Dungeon Overview and Level Annotations

Branches:
Dungeon (1/1)

Altars:
Ashenzari
Cheibriados
Dithmenos
Elyvilon
Fedhas
Gozag
Hepliaklqana
Kikubaaqudgha
Makhleb
Nemelex Xobeh
Okawaru
Qazlal
Ru
Sif Muna
Uskayaw
Vehumet
Wu Jian
Xom
Yredelemnul
Zin
The Shining One
Beogh
Jiyva
Lugonu

Annotations:
D 1 transporter


Innate Abilities, Weirdness & Mutations

You cannot wear boots.
Your serpentine skin is tough. (AC +0)
You have supernaturally acute eyesight. (SInv)
Armour fits poorly on your strangely shaped body.
Your system is resistant to poisons. (rPois)
You cover ground very slowly.
You have a slow metabolism.
You can spit poison.


Message History

The deep elf mage shouts!
You block the adder zombie's attack.
The deep elf mage gestures wildly while chanting.
The deep elf mage blinks!
Found three items.
Found a transporter.
You block the adder zombie's attack. The deep elf mage barely misses you.
The adder zombie barely misses you.
You closely miss the deep elf mage. The adder zombie bites you.
The fire elemental hits you. The fire elemental burns you!
* * * LOW HITPOINT WARNING * * *
The deep elf mage hits you with a long sword.
* * * LOW HITPOINT WARNING * * *
You hit the deep elf mage.
The deep elf mage is lightly wounded.
The fire elemental closely misses you.
The adder zombie bites you but does no damage.
The deep elf mage points at you and mumbles some strange words.
The bolt of magma hits you!
Ouch! That really hurt!
You die...

▓▓▓▓▓▓▓▓▓▓▓▓▓
▓.8©8.▓.8©8.▓
▓.}[).▓..Z..▓
▓..§..▓.).:.▓
▓..E..▓.....▓
▓.Ee..▓.....▓
▓.Z@..▓.....▓
▓.....▓▓▓▓▓▓▓
▓▓▓▓▓▓▓


You could see an earth elemental, a deep elf mage, a fire elemental and an adder
zombie.

Vanquished Creatures
  A bat zombie (D)
1 creature vanquished.

Vanquished Creatures (others)
  Sigmund (D)
  Dowan (D)
2 creatures vanquished.

Grand Total: 3 creatures vanquished

Notes
Turn   | Place    | Note
-------+----------+-------------------------------------------
     0 | D        | potatolord5000 the Naga Fighter began the quest for the Orb.
     0 | D        | Reached XP level 1. HP: 21/21 MP: 1/1
     0 | D        | Found a blossoming altar of Fedhas.
     1 | D        | Found a viscous altar of Jiyva.
     1 | D        | Found an ancient bone altar of Kikubaaqudgha.
     1 | D        | Found a hazy altar of Hepliaklqana.
     1 | D        | Found a corrupted altar of Lugonu.
     1 | D        | Found an opulent altar of Gozag.
     1 | D        | Found a burning altar of Makhleb.
     3 | D        | Killed Dowan
     3 | D        | Killed Sigmund
     6 | D        | Found an iron altar of Okawaru.
     6 | D        | Found a stormy altar of Qazlal.
     6 | D        | Found a sparkling altar of Nemelex Xobeh.
     6 | D        | Found a sacrificial altar of Ru.
     6 | D        | Found a deep blue altar of Sif Muna.
    10 | D        | Entered arena 2.
    22 | D        | Entered arena 3.
    22 | D        | Noticed a deep elf mage
    22 | D        | Noticed a fire elemental
    22 | D        | Noticed an earth elemental
    24 | D        | HP: 1/21 [deep elf mage/long sword (3)]
    25 | D        | Killed from afar by a deep elf mage

Vault maps used:
D:        sprint_v

Action                   || total
-------------------------++-------
Melee: Unarmed           ||     8
Armor: Scale mail        ||    12
Dodge: Dodged            ||     5
Block: Shield            ||    12
